AoeStats
← Snackbar Chez Raymond

Arabia

510122356Analyzed
1v1 RM · 2d ago on Sep 29, 2026· 23m 55s· 2 players
Game mode
Random Map
Map size
Tiny (2 player)
Population
200
Speed
Normal
Resources
Standard
Victory
Conquest
Starting age
Dark Age
Ending age
Imperial Age
RankedLock teamsTeams togetherTeam positionsShared explorationLock speedFull tech treeHidden civsTurbo modeCheats
Victory
Defeat
955
+15
🇨🇳 Lithuanians · China
939
-15
1738670494
8:50 Feudal Age
9:22 Double-Bit Axe
11:34 Loom
13:35 Horse Collar
18:54 Wheelbarrow
22:21 Castle Age
21:22 Gold Mining
22:48 Bloodlines
23:15 Bow Saw
23:29 Heavy Plow
24:06 Scale Barding Armor
24:03 Husbandry
23:31 Light Cavalry
Snackbar Chez Raymond
5:00 Loom
12:00 Feudal Age
17:28 Wheelbarrow
20:38 Castle Age
19:19 Scale Barding Armor
20:08 Fletching
22:15 Husbandry
Connection lost

Rejoining the realm…

Still unreachable

The connection could not be restored.

Session expired

The server has moved on; the page needs a fresh start.